Map: Dusk Towers

Players

lesha

  • Race: Terran Terran
  • League: Silver

Krush - Winner!

  • Race: Terran Terran
  • League: Gold

VOD

Have the link to the VOD?

Description

Time

  • Played on: Jan. 3, 2016, 9:47 p.m.
  • Length: 13:22
Show
View Real Time Build Order
Export as new Build Order

lesha Terran 

Build Orders: Reaper Expand, MMM Bio 

Get SALT Encoding   

  12  0:01  SCV  
  13  0:17  Supply Depot  
  13  0:18  SCV  
  14  0:26  Refinery  
  14  0:30  SCV  
  15  0:42  Barracks  
  15  0:45  SCV  
  16  0:57  SCV  
  17  1:10  SCV  
  18  1:22  SCV  
  19  1:31  Reaper  
  20  1:34  Orbital Command  
  20  1:51  Command Center  
  20  2:05  SCV  
  20  2:06  Factory  
  21  2:14  Barracks Reactor  
  21  2:19  Supply Depot  
  21  2:20  SCV  
  21  2:45  SCV  
  22  2:53  Marine x2  
  22  2:55  Factory Tech Lab, Barracks  
  22  2:57  SCV, Barracks  
  25  3:06  Orbital Command  
  25  3:09  SCV  
  26  3:14  Refinery  
  26  3:21  Siege Tank  
  26  3:22  Marine x2  
  26  3:26  SCV  
  32  3:35  SCV  
  32  3:38  SCV  
  34  3:44  Starport, Marine  
  34  3:47  Barracks Reactor  
  35  3:50  Marine  
  35  3:52  Barracks Tech Lab  
  36  4:01  Marine  
  37  4:08  SCV, Marine  
  37  4:09  SCV  
  40  4:10  Engineering Bay  
  40  4:11  Barracks  
  40  4:19  Supply Depot, Marauder  
  42  4:25  Starport Reactor  
  42  4:30  Marine x2  
  42  4:31  Marine x2  
  46  4:38  Supply Depot  
  46  4:41  SCV x2, Stimpack  
  48  4:48  Marine  
  48  4:50  Widow Mine  
  51  4:53  SCV  
  51  4:54  SCV  
  53  5:00  Terran Infantry Weapons Level 1  
  53  5:06  SCV x2, Medivac  
  51  5:30  Missile Turret  
  51  5:34  Missile Turret  
  49  5:41  Marine x3  
  49  5:42  Marine  
  54  5:43  Medivac x2  
  54  5:46  Marine x2  
  51  5:59  Marine x2  
  52  6:09  Marine  
  52  6:10  Marine  
  54  6:45  SCV x2  
  56  6:48  Missile Turret, Marine x3  
  56  6:49  Marine  
  56  6:50  Barracks Reactor, Missile Turret  
  56  6:52  Medivac  
  62  7:19  SCV, Medivac  
  62  7:21  SCV, Marine x2  
  55  7:31  Marine x3  
  55  7:32  Marine x2  
  55  7:35  SCV x2  
  62  7:49  Supply Depot  
  62  7:50  Supply Depot  
  62  7:57  Marine  
  62  8:20  Supply Depot  
  62  8:22  SCV  
  62  8:23  Supply Depot, Marine  
  62  8:25  Supply Depot, Marine  
  62  8:27  Marine  
  62  8:29  Marine  
  62  8:30  Marine  
  62  8:41  SCV x2, Marine  
  62  8:44  Marine x3  
  62  8:45  Missile Turret, Marine  
  62  8:47  Marine  
  70  8:51  Supply Depot  
  70  8:52  Supply Depot  
  70  8:53  SCV x2  
  72  9:00  Command Center  
  72  9:05  Missile Turret, Marine x4  
  72  9:06  SCV, Marine x3  
  80  9:23  Marine x3  
  83  9:24  SCV x2  
  85  9:32  Supply Depot, Marine x2  
  85  9:35  Combat Shields  
  85  9:36  Supply Depot  
  69  9:54  Marine x3  
  69  9:55  Marine x4  
  76  10:04  Refinery  
  76  10:05  Liberator x2  
  76  10:10  SCV x2, Missile Turret  
  76  10:12  Marine x2  
  80  10:18  Marine x2  
  80  10:19  Siege Tank, Marine  
  86  10:25  Marine x2  
  94  10:32  Barracks  
  94  10:36  Engineering Bay  
  94  10:39  SCV x2, Armory  
  94  10:40  Marine  
  94  10:41  Marine  
  98  10:49  Orbital Command  
  98  10:51  SCV x2  
  98  10:57  Siege Tank  
  103  10:58  Marine  
  103  11:26  Marine x7  
  80  11:43  Marine  
  80  11:44  Marine x4  
  80  11:45  Barracks Reactor  
  85  11:53  SCV  
  86  12:00  SCV x2  
  88  12:01  Marine x3  
  88  12:02  Marine x4  
  88  12:03  Medivac x2  
  88  12:05  SCV  
  100  12:09  Refinery  
  100  12:11  Refinery  
  100  12:12  SCV x2  
  102  12:17  SCV  
  102  12:19  Marine x2  
  105  12:24  SCV  
  105  12:26  Marine x4  
  105  12:27  Marine x2  
  105  12:29  Marauder  
  115  12:30  SCV  
  115  12:50  SCV x3  
  108  13:02  SCV x3  
Show
View Real Time Build Order
Export as new Build Order

Krush Terran - Winner!

Build Orders: Bio Tank, Banshee Rush 

Get SALT Encoding   

  12  0:01  SCV  
  13  0:13  SCV  
  14  0:19  Supply Depot  
  14  0:25  SCV  
  15  0:29  Refinery  
  15  0:43  Barracks  
  15  0:46  SCV  
  16  0:58  SCV  
  17  1:10  SCV  
  18  1:23  SCV  
  19  1:31  Reaper  
  20  1:37  Orbital Command  
  20  1:45  Supply Depot  
  20  1:47  Refinery  
  20  2:02  SCV  
  20  2:04  Marine  
  22  2:12  Factory  
  22  2:16  SCV  
  22  2:24  Marine  
  22  2:28  SCV  
  24  2:40  SCV  
  25  2:52  Command Center, SCV  
  25  2:54  Marine  
  27  3:00  Factory Tech Lab  
  27  3:01  Starport  
  27  3:05  SCV  
  28  3:07  Supply Depot  
  28  3:15  Marine  
  28  3:18  SCV  
  30  3:27  Engineering Bay  
  30  3:31  SCV  
  31  3:43  Banshee, Cloaking Field  
  34  3:48  SCV  
  35  3:57  Missile Turret  
  35  3:58  Factory Tech Lab  
  35  3:59  Marine  
  36  4:04  SCV  
  36  4:06  Orbital Command  
  37  4:17  Siege Tank  
  37  4:22  Marine  
  41  4:27  Barracks  
  41  4:28  Banshee  
  44  4:31  Terran Infantry Weapons Level 1  
  44  4:40  SCV  
  44  4:43  SCV  
  46  4:47  Supply Depot  
  46  4:49  Marine  
  46  4:52  SCV, Siege Tank  
  51  4:55  SCV  
  52  5:04  SCV, Barracks  
  53  5:08  SCV  
  54  5:16  SCV  
  54  5:20  SCV  
  56  5:34  SCV x2  
  56  5:35  Marine x2  
  60  5:46  SCV x2  
  62  6:04  SCV x2, Medivac, Siege Tank, Supply Depot  
  67  6:05  Marine  
  67  6:06  Supply Depot, Barracks Tech Lab  
  70  6:11  Barracks Reactor  
  70  6:13  Barracks  
  70  6:18  Refinery  
  70  6:19  Command Center, Refinery  
  70  6:22  Supply Depot  
  70  6:23  Supply Depot  
  70  6:25  SCV x2, Marine  
  73  6:31  Supply Depot  
  73  6:34  Marine  
  73  6:37  SCV  
  75  6:40  SCV  
  75  6:42  Marine  
  77  6:49  SCV  
  77  6:50  Siege Tank  
  77  6:52  SCV  
  82  6:56  Stimpack, Marine  
  82  6:57  Marine x2  
  82  7:00  Terran Infantry Armor Level 1, Marine  
  86  7:01  SCV  
  86  7:04  SCV, Supply Depot  
  87  7:10  Armory  
  87  7:13  SCV  
  87  7:14  Marine  
  74  7:27  Marine  
  74  7:28  Marine x2  
  76  7:32  Marine  
  77  7:38  Missile Turret  
  77  7:40  Orbital Command  
  77  7:45  Marine  
  77  7:46  Marine  
  79  7:56  SCV x2  
  81  8:00  Marine x2  
  81  8:03  Marine x2  
  85  8:08  SCV x2  
  87  8:17  Missile Turret  
  87  8:18  Missile Turret  
  87  8:20  SCV  
  87  8:22  Marine x2  
  87  8:23  Marine x2  
  87  8:25  SCV x2  
  94  8:32  SCV  
  94  8:33  Siege Tank  
  98  8:37  SCV, Orbital Command  
  98  8:40  Marine x3  
  103  8:41  Marine  
  103  8:42  Command Center  
  103  8:49  Terran Vehicle Weapons Level 1  
  103  8:54  Terran Infantry Weapons Level 2  
  103  8:56  Combat Shields  
  103  8:58  Marine x3  
  103  8:59  Marine  
  103  9:00  Barracks  
  107  9:05  Siege Tank  
  110  9:10  SCV  
  110  9:11  SCV  
  110  9:16  Marine x3  
  115  9:17  Supply Depot, Marine  
  115  9:18  Supply Depot  
  116  9:34  Marine x2  
  116  9:35  Missile Turret  
  116  9:37  Siege Tank  
  121  9:38  Starport  
  121  9:41  Starport Reactor  
  120  9:55  SCV x3  
  124  10:07  SCV x2  
  124  10:08  Marine x2  
  124  10:09  Marine x2  
  124  10:10  Barracks Reactor  
  129  10:23  Siege Tank, Medivac x2  
  129  10:26  Marine x3  
  139  10:34  Barracks Reactor  
  139  10:45  Planetary Fortress  
  139  10:49  SCV x3  
  142  10:50  Marine x3  
  145  10:58  Refinery  
  145  11:01  SCV  
  145  11:02  Refinery  
  145  11:03  Marine x3  
  149  11:08  Marine x2  
  149  11:09  Marine  
  152  11:21  Marine  
  133  11:43  Marine  
  133  11:44  Marine x7  
  141  11:49  Missile Turret  
  141  11:51  Missile Turret  
  141  11:52  Liberator x2  
  141  11:54  Supply Depot  
  141  11:56  Supply Depot  
  141  12:00  Supply Depot  
  141  12:01  Marine  
  141  12:02  Marine x6  
  141  12:08  Medivac  
  156  12:21  Liberator  
  156  12:25  Marine  
  156  12:26  Marauder, Marine x5  
  156  12:27  Marine  
  164  12:43  Marine x2  
  164  12:44  Marine x4  
  170  12:47  Marauder  
  175  13:02  Marine x3  
  175  13:03  Marine x4  
Tags
 
Add a new tag
Caveats
  • Supply blocks, unpowered buildings, or Contaminate may cause inaccurate times.
  • Supply counts are checked every 10 seconds.